 Dungeon Crawl Stone Soup version 0.21.1-1-g345015f (webtiles) character file.

265 inc the Magician (level 6, -2/36 HPs)
             Began as an Octopode Ice Elementalist on June 13, 2018.
             Slain by an ogre
             ... wielding a +0 giant club
              (23 damage)
             ... on level 4 of the Dungeon.
             The game lasted 00:05:11 (3122 turns).

inc the Magician (Octopode Ice Elementalist)        Turns: 3122, Time: 00:05:12

Health: -2/36      AC:  6    Str:  7    XL:     6   Next: 20%
Magic:  4/13       EV: 13    Int: 19    God:
Gold:   211        SH:  0    Dex: 13    Spells: 9/15 levels left

rFire    . . .     SeeInvis +   e - +2 whip (elec)
rCold    . . .     Gourm    .   (no shield)
rNeg     . . .     Faith    .   (helmet restricted)
rPois    .         Spirit   .   (no amulet)
rElec    .         Reflect  .   j - ring of see invisible
rCorr    .         Harm     .   (no ring)
MR       .....                  (no ring)
Stlth    +++.......             (no ring)
HPRegen  0.12/turn              (no ring)
MPRegen  0.13/turn              (no ring)
                                (no ring)
                                (no ring)

@: icy armour, slow
A: almost no armour, stealthy swim, amphibious, 8 rings, constrict 8, camouflage
1, gelatinous body 1
a: no special abilities


You were on level 4 of the Dungeon.
You were not hungry.

You visited 1 branch of the dungeon, and saw 4 of its levels.

You collected 211 gold pieces.

Inventory:

Hand Weapons
 c - a +0 short sword
 e - a +2 whip of electrocution (weapon)
Jewellery
 j - a ring of see invisible (left tentacle)
Wands
 d - a wand of scattershot (5)
 l - a wand of flame (23)
Scrolls
 f - a scroll of amnesia {unknown}
 i - 2 scrolls of remove curse {unknown}
Potions
 g - a potion of might
 h - a potion of curing
 k - a potion of mutation
Books
 a - a book of Frost

   Spells                             Type                      Level
   a - Freeze                         Ice                          1
   b - Throw Frost                    Conjuration/Ice              2
   c - Ozocubu's Armour               Charms/Ice                   3
   d - Throw Icicle                   Conjuration/Ice              4
   e - Summon Ice Beast               Ice/Summoning                4
Comestibles
 b - 7 rations


   Skills:
 - Level 2.0 Dodging
 - Level 2.6 Stealth
 + Level 5.1 Spellcasting
 - Level 1.0 Conjurations
 - Level 4.2 Ice Magic


You had 9 spell levels left.
You knew the following spells:

 Your Spells              Type           Power        Failure   Level  Hunger
a - Freeze                Ice            ###.         2%          1    None
b - Ozocubu's Armour      Chrm/Ice       ##......     16%         3    ##.....
c - Throw Frost           Conj/Ice       ##....       6%          2    #......


Dungeon Overview and Level Annotations

Branches:
Dungeon (4/15)
 Temple: D:4-7

Altars:

Annotations:
D:3 1 runed door


Innate Abilities, Weirdness & Mutations

You cannot wear most types of armour.
You are very stealthy in the water. (Stealth+)
You are amphibious.
You can wear up to eight rings at the same time.
You can use your tentacles to constrict eight enemies at once.
Your skin changes colour to match your surroundings (Stealth+).
Your rubbery body absorbs attacks. (AC +1, EV +1)


Message History

You freeze the ogre.
The ogre is heavily wounded.
The ogre completely misses you.
Casting: Freeze
Confirm with . or Enter, or press ? or * to list all spells.
Aiming: Freeze
Press: ? - help, Shift-Dir - straight line, f/p - ogre
Aim: an ogre, wielding a giant club (heavily wounded)
You freeze the ogre.
The ogre is severely wounded.
Casting: Freeze
Confirm with . or Enter, or press ? or * to list all spells.
Aiming: Freeze
Press: ? - help, Shift-Dir - straight line, f/p - ogre
Aim: an ogre, wielding a giant club (severely wounded)
You freeze the ogre.
The ogre is severely wounded.
The ogre hits you with a giant club!!
Ouch! That really hurt!
You die...

#.# #######.#
........#
..?.....# #.#
#(### #.#..
#O#.# #@#.#
#.#.#
#...#####.
##........
#...#####
#...######
####.........
#...........#
#.##.#.#<##.#


You could see an ogre.

Vanquished Creatures
  An iguana (D:3)
  Natasha (thrice) (D:2)
  10 adders
  A gnoll (D:1)
  An ooze (D:1)
  2 worms (D:3)
  2 dart slugs
  A leopard gecko (D:2)
  An orc (D:3)
  A ball python (D:3)
  8 bats
  2 giant cockroaches (D:1)
  4 goblins
  6 hobgoblins
  8 kobolds
  2 frilled lizards
  6 rats
  A fungus (D:1)
60 creatures vanquished.

Vanquished Creatures (others)
  A plant (D:2)
1 creature vanquished.

Grand Total: 61 creatures vanquished

Notes
Turn   | Place    | Note
-------+----------+-------------------------------------------
     0 | D:1      | inc the Octopode Ice Elementalist began the quest for the Orb.
     0 | D:1      | Reached XP level 1. HP: 11/11 MP: 3/3
   312 | D:1      | Reached XP level 2. HP: 17/17 MP: 5/5
   545 | D:1      | Reached XP level 3. HP: 18/21 MP: 6/6
  1040 | D:2      | Reached XP level 4. HP: 26/27 MP: 5/8
  1054 | D:2      | Learned a level 3 spell: Ozocubu's Armour
  1057 | D:2      | Learned a level 2 spell: Throw Frost
  1103 | D:2      | Noticed Natasha
  1361 | D:2      | Reached skill level 3 in Spellcasting
  1408 | D:2      | Killed Natasha
  1478 | D:2      | Noticed Natasha
  1490 | D:2      | Killed Natasha
  1490 | D:2      | Reached XP level 5. HP: 31/31 MP: 3/10
  1672 | D:2      | Noticed Natasha
  1680 | D:2      | Killed Natasha
  1680 | D:2      | Reached skill level 4 in Spellcasting
  2708 | D:3      | Reached XP level 6. HP: 36/36 MP: 9/13
  2759 | D:3      | Reached skill level 5 in Spellcasting
  2997 | D:3      | Found a runed door.
  3122 | D:4      | Slain by an ogre

Skill      XL: |  1  2  3  4  5  6 |
---------------+-------------------+-----
Ice Magic      | 4 |  4.2
Spellcasting   | 3 4 5 |  5.1
Dodging        | |  2.0
Stealth        | |  2.6
Conjurations   | |  1.0

Action                   |  1- 3 |  4- 6 || total
-------------------------+-------+-------++-------
Melee: Short sword       |    12 |       ||    12
       Tentacles         |     4 |     4 ||     8
       Whip              |    24 |    37 ||    61
       Constrict         |     8 |     9 ||    17
 Cast: Freeze            |     9 |    53 ||    62
       Ozocubu's Armour  |       |     4 ||     4
       Throw Frost       |       |     1 ||     1
  Use: Potion            |     2 |       ||     2
       Scroll            |       |     2 ||     2
 Stab: Sleeping          |     6 |     6 ||    12
  Eat: Chunk             |       |     7 ||     7
Armor: Skin              |     3 |    12 ||    15
Dodge: Dodged            |    36 |    54 ||    90
